Sharks vs Oilers

Created - February 29 2012 at 18:26

Goals
1 2 3 T
Sharks 3 2 0 5
Oilers 1 0 0 1
Shots
1 2 3 T
Sharks 5 18 3 26
Oilers 11 5 13 29

Period #1

1. Sharks , Vladimir Sobotka 4 (Johnny Boychuk, Marc Savard) at 2:53
2. Oilers , Jochen Hecht 16 (Derek Roy, Peter Regin) at 12:35 (PP)
3. Sharks , Andrew Ference 3 (Alex Tanguay, Jason Arnott) at 13:26 (PP)
4. Sharks , Vladimir Sobotka 5 (Johnny Boychuk, Marc Savard) at 19:07

Penalties :
Francois Beauchemin (SJS) for Roughing (Minor) at 0:21, David Moss (SJS) for Roughing (Double Minor) at 5:12, Francois Beauchemin (SJS) for Hooking (Minor) at 5:58, Mark Stuart (SJS) for Holding Stick (Minor) at 10:54, Peter Regin (EDM) for Hooking (Minor) at 12:57, Scott Hannan (EDM) for Roughing (Minor) at 15:33

Period #2

5. Sharks , Ryan Malone 14 (Lauri Korpikoski, Eric Belanger) at 1:26
6. Sharks , Shane Doan 19 (Mike Ribeiro, Johnny Boychuk) at 8:48 (PP)

Penalties :
Shane Doan (SJS) for Roughing (Minor) at 4:38, Scott Nichol (EDM) for Holding (Minor) at 7:33, Matt Niskanen (SJS) for Slashing (Minor) at 10:42, Derek Roy (EDM) for Hooking (Minor) at 15:04, Karlis Skrastins (EDM) for Tripping (Minor) at 18:20

Period #3

No Goal

Penalties :
Adam Burish (EDM) for Hooking (Minor) at 2:02, Scott Nichol (EDM) for Hooking (Minor) at 4:52, David Moss (SJS) for Tripping (Minor) at 7:20, Mark Stuart (SJS) for Hooking (Minor) at 13:36

Goalie Stats

Brian Elliott (SJS), 28 saves from 29 shots - (0.966), W, 15-18-3, 60:00 minutes
Dan Ellis (EDM), 17 saves from 18 shots - (0.944), 38:34 minutes
Kari Lehtonen (EDM), 4 saves from 8 shots - (0.500), L, 24-25-7, 21:26 minutes

Players Stats

Sharks
Player Name              G  A  P  +/- PIM S  H  SB FO    MP 
------------------------------------------------------------
Alex Tanguay             0  1  1   0  0   2  0  0  0/1   17 
Andrew Ference           1  0  1   0  0   3  2  0  0/0   22 
Bryan McCabe             0  0  0   0  0   3  0  0  0/0   22 
David Moss               0  0  0   2  6   1  1  0  0/0   12 
Eric Belanger            0  1  1   1  0   1  0  0  10/16 17 
Francois Beauchemin      0  0  0   1  4   1  2  2  0/0   22 
Jason Arnott             0  1  1   0  0   1  0  0  13/26 16 
Johan Franzen            0  0  0   0  0   4  1  0  1/1   16 
Johnny Boychuk           0  3  3   2  0   0  6  1  0/0   23 
Lauri Korpikoski         0  1  1   1  0   1  0  1  1/1   16 
Marc Savard              0  2  2   2  0   0  0  0  5/18  18 
Mark Stuart              0  0  0   1  4   0  2  1  0/0   16 
Matt Niskanen            0  0  0   2  2   0  2  0  0/0   12 
Mike Ribeiro             0  1  1   0  0   2  0  0  13/27 16 
Rene Bourque             0  0  0   0  0   0  0  0  0/0   0  
Ryan Malone              1  0  1   1  0   1  0  0  0/1   10 
Shane Doan               1  0  1   0  2   3  1  0  2/3   14 
Vladimir Sobotka         2  0  2   2  0   3  2  0  1/1   11 
Oilers
Player Name              G  A  P  +/- PIM S  H  SB FO    MP 
------------------------------------------------------------
Adam Burish              0  0  0  -2  2   0  0  0  0/0   11 
Alexandre Giroux         0  0  0   0  0   0  1  0  0/0   8  
Andrew Ladd              0  0  0   0  0   2  2  1  0/1   19 
Brent Sopel              0  0  0  -1  0   1  2  0  0/0   13 
Chris Phillips           0  0  0   0  0   1  1  0  0/0   25 
Derek Roy                0  1  1  -2  2   4  0  0  16/33 20 
Fernando Pisani          0  0  0   0  0   1  0  0  1/1   8  
Jochen Hecht             1  0  1  -2  0   4  2  0  2/3   21 
Karlis Skrastins         0  0  0  -2  2   1  0  2  0/0   19 
Michal Handzus           0  0  0  -1  0   2  3  1  8/16  15 
Mike Weaver              0  0  0  -2  0   2  0  2  0/0   21 
Peter Regin              0  1  1  -1  2   3  0  0  0/2   16 
Radek Dvorak             0  0  0   0  0   1  0  0  0/2   13 
Roman Hamrlik            0  0  0   0  0   1  1  0  0/0   23 
Scott Hannan             0  0  0  -1  2   2  1  4  0/0   18 
Scott Nichol             0  0  0   0  4   0  1  0  5/8   8  
Stephen Weiss            0  0  0   0  0   2  1  0  16/28 19 
Steve Sullivan           0  0  0  -1  0   2  0  0  1/1   12 

3 Stars

1 - Johnny Boychuk (SJS)
2 - Vladimir Sobotka (SJS)
3 - Brian Elliott (SJS)

Power Play

Sharks - 2 on 7 Attempt(s) - 28.57%
Oilers - 1 on 9 Attempt(s) - 11.11%

Penalty Kill

Sharks - 8 on 9 Attempt(s) - 88.89% - Score 0 goal in Penalty Kill
Oilers - 5 on 7 Attempt(s) - 71.43% - Score 0 goal in Penalty Kill

Game Notes

Dan Ellis enters game at 1:26 of 2nd period

Finance

Level 1 -- Attendance: 5081 (78.17%) -- Ticket Income $472,533.00
Level 2 -- Attendance: 5000 (100.00%) -- Ticket Income $235,000.00
Level 3 -- Attendance: 3500 (100.00%) -- Ticket Income $119,000.00
Level 4 -- Attendance: 839 (100.00%) -- Ticket Income $17,619.00
Luxury Box -- Attendance: 733 (73.30%) -- Ticket Income $142,202.00
Game was played at the Rexall Place
Total Attendance: 15153 (89.99%)
Total Ticket Income: $1,035,927.00
Other Income: $219,668.70
Total Income: $1,255,596.00


Play by Play

Period #1

0:01 of 1st period - Mike Ribeiro wins face-off versus Stephen Weiss in neutral zone.
0:21 of 1st period - Minor Penalty to Francois Beauchemin for Roughing.
0:22 of 1st period - Eric Belanger wins face-off versus Derek Roy in Sharks zone.
0:38 of 1st period - Derek Roy is hit by Andrew Ference and loses puck.
1:31 of 1st period - Shot by Roman Hamrlik.
1:31 of 1st period - Shot Misses the Net.
1:35 of 1st period - Shot by Andrew Ladd.
1:35 of 1st period - Stopped by Brian Elliott without a rebound.
1:36 of 1st period - Mike Ribeiro wins face-off versus Stephen Weiss in Sharks zone.
1:55 of 1st period - Shot by Stephen Weiss.
1:55 of 1st period - Deflect By Radek Dvorak.
1:55 of 1st period - Stopped by Brian Elliott with a rebound.
2:31 of 1st period - Shot by Steve Sullivan.
2:31 of 1st period - Stopped by Brian Elliott without a rebound.
2:32 of 1st period - Jason Arnott wins face-off versus Michal Handzus in Sharks zone.
2:43 of 1st period - Shot by Jason Arnott.
2:43 of 1st period - Deflect By Johan Franzen.
2:43 of 1st period - Shot Blocked by Scott Hannan.
2:49 of 1st period - Shot by Alex Tanguay.
2:49 of 1st period - Stopped by Kari Lehtonen without a rebound.
2:50 of 1st period - Marc Savard wins face-off versus Derek Roy in Oilers zone.
2:53 of 1st period - Shot by Vladimir Sobotka.
2:53 of 1st period - Goal by Vladimir Sobotka - Sharks : 1 - Oilers : 0.
2:54 of 1st period - Marc Savard wins face-off versus Derek Roy in neutral zone.
3:39 of 1st period - Shot by Eric Belanger.
3:39 of 1st period - Shot Misses the Net.
3:41 of 1st period - Shot by Francois Beauchemin.
3:41 of 1st period - Stopped by Kari Lehtonen without a rebound.
3:42 of 1st period - Jason Arnott wins face-off versus Scott Nichol in Oilers zone.
4:33 of 1st period - Ryan Malone is hit by Alexandre Giroux and loses puck.
4:53 of 1st period - Icing by Steve Sullivan.
4:54 of 1st period - Michal Handzus wins face-off versus Marc Savard in Oilers zone.
5:12 of 1st period - Double Minor Penalty to David Moss for Roughing.
5:13 of 1st period - Mike Ribeiro wins face-off versus Derek Roy in Sharks zone.
5:13 of 1st period - Mike Ribeiro is hit by Jochen Hecht.
5:58 of 1st period - Minor Penalty to Francois Beauchemin for Hooking.
5:59 of 1st period - Stephen Weiss wins face-off versus Mike Ribeiro in Sharks zone.
6:04 of 1st period - Shot by Andrew Ladd.
6:04 of 1st period - Stopped by Brian Elliott without a rebound.
6:05 of 1st period - Mike Ribeiro wins face-off versus Stephen Weiss in Sharks zone.
7:01 of 1st period - Shot by Jochen Hecht.
7:01 of 1st period - Shot Hit the Post.
7:03 of 1st period - Shot by Mike Weaver.
7:03 of 1st period - Stopped by Brian Elliott with a rebound.
7:05 of 1st period - Shot by Jochen Hecht.
7:05 of 1st period - Shot Misses the Net.
7:15 of 1st period - Shot by Derek Roy.
7:15 of 1st period - Stopped by Brian Elliott without a rebound.
7:16 of 1st period - Stephen Weiss wins face-off versus Mike Ribeiro in Sharks zone.
7:37 of 1st period - Shot by Stephen Weiss.
7:37 of 1st period - Stopped by Brian Elliott without a rebound.
7:38 of 1st period - Shane Doan wins face-off versus Derek Roy in Sharks zone.
8:19 of 1st period - Shot by Andrew Ladd.
8:19 of 1st period - Shot Misses the Net.
8:26 of 1st period - Icing by Stephen Weiss.
8:27 of 1st period - Stephen Weiss wins face-off versus Alex Tanguay in Oilers zone.
8:36 of 1st period - Shot by Stephen Weiss.
8:36 of 1st period - Shot Blocked by Lauri Korpikoski.
9:29 of 1st period - Icing by David Moss.
9:30 of 1st period - Scott Nichol wins face-off versus Marc Savard in Sharks zone.
9:33 of 1st period - Shot by Fernando Pisani.
9:33 of 1st period - Shot Misses the Net.
9:35 of 1st period - Shot by Adam Burish.
9:35 of 1st period - Shot Misses the Net.
9:56 of 1st period - Icing by Matt Niskanen.
9:57 of 1st period - Vladimir Sobotka wins face-off versus Michal Handzus in Sharks zone.
9:59 of 1st period - Icing by Johnny Boychuk.
10:00 of 1st period - Marc Savard wins face-off versus Michal Handzus in Sharks zone.
10:54 of 1st period - Minor Penalty to Mark Stuart for Holding Stick.
10:55 of 1st period - Eric Belanger wins face-off versus Derek Roy in Sharks zone.
11:12 of 1st period - Shot by Mike Weaver.
11:12 of 1st period - Shot Misses the Net.
11:16 of 1st period - Shot by Mike Weaver.
11:16 of 1st period - Stopped by Brian Elliott without a rebound.
11:17 of 1st period - Stephen Weiss wins face-off versus Mike Ribeiro in Sharks zone.
12:25 of 1st period - Shot by Jochen Hecht.
12:25 of 1st period - Stopped by Brian Elliott without a rebound.
12:26 of 1st period - Derek Roy wins face-off versus Mike Ribeiro in Sharks zone.
12:35 of 1st period - Shot by Jochen Hecht.
12:35 of 1st period - Goal by Jochen Hecht - Sharks : 1 - Oilers : 1.
12:36 of 1st period - Marc Savard wins face-off versus Peter Regin in neutral zone.
12:44 of 1st period - Icing by Brent Sopel.
12:45 of 1st period - Jason Arnott wins face-off versus Michal Handzus in Oilers zone.
12:47 of 1st period - Alex Tanguay is hit by Scott Hannan and loses puck.
12:57 of 1st period - Minor Penalty to Peter Regin for Hooking.
12:58 of 1st period - Derek Roy wins face-off versus Jason Arnott in Oilers zone.
13:04 of 1st period - Icing by Andrew Ference.
13:05 of 1st period - Derek Roy wins face-off versus Jason Arnott in Sharks zone.
13:24 of 1st period - Shot by Alex Tanguay.
13:24 of 1st period - Shot Misses the Net.
13:26 of 1st period - Shot by Andrew Ference.
13:26 of 1st period - Goal by Andrew Ference - Sharks : 2 - Oilers : 1.
13:27 of 1st period - Eric Belanger wins face-off versus Scott Nichol in neutral zone.
14:49 of 1st period - Mike Weaver is hit by Matt Niskanen and loses puck.
14:55 of 1st period - Derek Roy is hit by Johnny Boychuk and loses puck.
15:07 of 1st period - Icing by Karlis Skrastins.
15:08 of 1st period - Jason Arnott wins face-off versus Derek Roy in Oilers zone.
15:13 of 1st period - Shot by Johan Franzen.
15:13 of 1st period - Shot Blocked by Karlis Skrastins.
15:32 of 1st period - Johan Franzen is hit by Brent Sopel and loses puck.
15:33 of 1st period - Minor Penalty to Scott Hannan for Roughing.
15:34 of 1st period - Stephen Weiss wins face-off versus Shane Doan in Oilers zone.
16:03 of 1st period - Shot by Johnny Boychuk.
16:03 of 1st period - Shot Misses the Net.
16:21 of 1st period - Shot by Bryan McCabe.
16:21 of 1st period - Shot Misses the Net.
17:37 of 1st period - Shot by Michal Handzus.
17:37 of 1st period - Stopped by Brian Elliott without a rebound.
17:38 of 1st period - Fernando Pisani wins face-off versus Eric Belanger in Sharks zone.
17:38 of 1st period - Roman Hamrlik is hit by Mark Stuart and loses puck.
18:28 of 1st period - Icing by Mark Stuart.
18:29 of 1st period - Derek Roy wins face-off versus Eric Belanger in Sharks zone.
18:47 of 1st period - Jochen Hecht is hit by Matt Niskanen.
19:03 of 1st period - Shot by Marc Savard.
19:03 of 1st period - Shot Blocked by Mike Weaver.
19:07 of 1st period - Shot by Vladimir Sobotka.
19:07 of 1st period - Goal by Vladimir Sobotka - Sharks : 3 - Oilers : 1.
19:08 of 1st period - Stephen Weiss wins face-off versus Mike Ribeiro in neutral zone.
19:29 of 1st period - Francois Beauchemin is hit by Stephen Weiss and loses puck.
19:44 of 1st period - Off-side.
19:45 of 1st period - Jason Arnott wins face-off versus Michal Handzus in neutral zone.

Period #2

0:01 of 2nd period - Stephen Weiss wins face-off versus Mike Ribeiro in neutral zone.
0:35 of 2nd period - Shot by Mike Ribeiro.
0:35 of 2nd period - Deflect By Shane Doan.
0:35 of 2nd period - Stopped by Kari Lehtonen without a rebound.
0:36 of 2nd period - Derek Roy wins face-off versus Jason Arnott in Oilers zone.
0:52 of 2nd period - Shot by Johan Franzen.
0:52 of 2nd period - Stopped by Kari Lehtonen without a rebound.
0:53 of 2nd period - Michal Handzus wins face-off versus Eric Belanger in Oilers zone.
1:26 of 2nd period - Shot by Ryan Malone.
1:26 of 2nd period - Goal by Ryan Malone - Sharks : 4 - Oilers : 1.
1:26 of 2nd period - Dan Ellis enters game.
1:27 of 2nd period - Johan Franzen wins face-off versus Derek Roy in neutral zone.
1:36 of 2nd period - Shot by Jason Arnott.
1:36 of 2nd period - Deflect By Alex Tanguay.
1:36 of 2nd period - Shot Misses the Net.
1:38 of 2nd period - Shot by Alex Tanguay.
1:38 of 2nd period - Shot Misses the Net.
1:40 of 2nd period - Shot by Jason Arnott.
1:40 of 2nd period - Shot Blocked by Mike Weaver.
1:42 of 2nd period - Shot by Johan Franzen.
1:42 of 2nd period - Stopped by Dan Ellis without a rebound.
1:43 of 2nd period - Stephen Weiss wins face-off versus Marc Savard in Oilers zone.
1:43 of 2nd period - Roman Hamrlik is hit by Vladimir Sobotka and loses puck.
2:31 of 2nd period - Icing by Chris Phillips.
2:32 of 2nd period - Jason Arnott wins face-off versus Stephen Weiss in Oilers zone.
2:43 of 2nd period - Shot by Jason Arnott.
2:43 of 2nd period - Stopped by Dan Ellis with a rebound.
2:49 of 2nd period - Shot by Alex Tanguay.
2:49 of 2nd period - Shot Misses the Net.
2:53 of 2nd period - Shot by Bryan McCabe.
2:53 of 2nd period - Shot Misses the Net.
2:55 of 2nd period - Shot by Bryan McCabe.
2:55 of 2nd period - Stopped by Dan Ellis without a rebound.
2:56 of 2nd period - Eric Belanger wins face-off versus Jochen Hecht in Oilers zone.
3:27 of 2nd period - Shot by Eric Belanger.
3:27 of 2nd period - Stopped by Dan Ellis without a rebound.
3:28 of 2nd period - Jason Arnott wins face-off versus Peter Regin in Oilers zone.
3:41 of 2nd period - Shot by Johan Franzen.
3:41 of 2nd period - Deflect By Jason Arnott.
3:41 of 2nd period - Shot Misses the Net.
3:45 of 2nd period - Shot by Johan Franzen.
3:45 of 2nd period - Stopped by Dan Ellis without a rebound.
3:46 of 2nd period - Scott Nichol wins face-off versus Marc Savard in Oilers zone.
3:53 of 2nd period - Shot by Chris Phillips.
3:53 of 2nd period - Stopped by Brian Elliott without a rebound.
3:54 of 2nd period - Mike Ribeiro wins face-off versus Michal Handzus in Sharks zone.
4:04 of 2nd period - Icing by Peter Regin.
4:05 of 2nd period - Jason Arnott wins face-off versus Michal Handzus in Oilers zone.
4:22 of 2nd period - Shot by Alex Tanguay.
4:22 of 2nd period - Shot Blocked by Michal Handzus.
4:36 of 2nd period - Icing by Brent Sopel.
4:37 of 2nd period - Michal Handzus wins face-off versus Mike Ribeiro in Oilers zone.
4:37 of 2nd period - Michal Handzus is hit by Shane Doan.
4:38 of 2nd period - Minor Penalty to Shane Doan for Roughing.
4:39 of 2nd period - Mike Ribeiro wins face-off versus Stephen Weiss in Sharks zone.
5:06 of 2nd period - Shot by Radek Dvorak.
5:06 of 2nd period - Shot Misses the Net.
6:26 of 2nd period - Shot by Andrew Ference.
6:26 of 2nd period - Stopped by Dan Ellis with a rebound.
6:28 of 2nd period - Shot by Andrew Ference.
6:28 of 2nd period - Shot Misses the Net.
6:47 of 2nd period - Off-side.
6:48 of 2nd period - Michal Handzus wins face-off versus Marc Savard in neutral zone.
7:33 of 2nd period - Minor Penalty to Scott Nichol for Holding.
7:34 of 2nd period - Jason Arnott wins face-off versus Stephen Weiss in Oilers zone.
7:43 of 2nd period - Shot by Johan Franzen.
7:43 of 2nd period - Shot Misses the Net.
7:45 of 2nd period - Shot by Alex Tanguay.
7:45 of 2nd period - Deflect By Jason Arnott.
7:45 of 2nd period - Shot Misses the Net.
7:47 of 2nd period - Shot by Jason Arnott.
7:47 of 2nd period - Shot Blocked by Karlis Skrastins.
7:49 of 2nd period - Shot by Bryan McCabe.
7:49 of 2nd period - Stopped by Dan Ellis without a rebound.
7:50 of 2nd period - Derek Roy wins face-off versus Jason Arnott in Oilers zone.
8:35 of 2nd period - Shot by Mike Ribeiro.
8:35 of 2nd period - Stopped by Dan Ellis without a rebound.
8:36 of 2nd period - Mike Ribeiro wins face-off versus Derek Roy in Oilers zone.
8:48 of 2nd period - Shot by Shane Doan.
8:48 of 2nd period - Goal by Shane Doan - Sharks : 5 - Oilers : 1.
8:49 of 2nd period - Scott Nichol wins face-off versus Ryan Malone in neutral zone.
8:51 of 2nd period - Off-side.
8:52 of 2nd period - Scott Nichol wins face-off versus Eric Belanger in neutral zone.
10:01 of 2nd period - Shot by David Moss.
10:01 of 2nd period - Stopped by Dan Ellis with a rebound.
10:40 of 2nd period - Scott Hannan is hit by Johnny Boychuk and loses puck.
10:42 of 2nd period - Minor Penalty to Matt Niskanen for Slashing.
10:43 of 2nd period - Stephen Weiss wins face-off versus Eric Belanger in Sharks zone.
11:34 of 2nd period - Icing by Derek Roy.
11:35 of 2nd period - Mike Ribeiro wins face-off versus Derek Roy in Oilers zone.
11:50 of 2nd period - Shot by Karlis Skrastins.
11:50 of 2nd period - Shot Blocked by Mark Stuart.
11:52 of 2nd period - Shot by Jochen Hecht.
11:52 of 2nd period - Shot Misses the Net.
11:54 of 2nd period - Shot by Karlis Skrastins.
11:54 of 2nd period - Stopped by Brian Elliott without a rebound.
11:55 of 2nd period - Derek Roy wins face-off versus Mike Ribeiro in Sharks zone.
13:44 of 2nd period - Shot by Johan Franzen.
13:44 of 2nd period - Shot Blocked by Scott Hannan.
14:01 of 2nd period - Icing by Brent Sopel.
14:02 of 2nd period - Eric Belanger wins face-off versus Stephen Weiss in Oilers zone.
14:05 of 2nd period - Shot by Lauri Korpikoski.
14:05 of 2nd period - Stopped by Dan Ellis without a rebound.
14:06 of 2nd period - Eric Belanger wins face-off versus Radek Dvorak in Oilers zone.
14:21 of 2nd period - Icing by Chris Phillips.
14:22 of 2nd period - Stephen Weiss wins face-off versus Marc Savard in Oilers zone.
14:22 of 2nd period - Stephen Weiss is hit by Vladimir Sobotka.
15:04 of 2nd period - Minor Penalty to Derek Roy for Hooking.
15:05 of 2nd period - Jochen Hecht wins face-off versus Jason Arnott in Oilers zone.
15:22 of 2nd period - Bryan McCabe is hit by Andrew Ladd.
15:30 of 2nd period - Shot by Johan Franzen.
15:30 of 2nd period - Shot Blocked by Scott Hannan.
16:42 of 2nd period - Icing by Johan Franzen.
16:43 of 2nd period - Michal Handzus wins face-off versus Jason Arnott in Sharks zone.
17:49 of 2nd period - Shot by Michal Handzus.
17:49 of 2nd period - Deflect By Peter Regin.
17:49 of 2nd period - Stopped by Brian Elliott with a rebound.
17:51 of 2nd period - Shot by Brent Sopel.
17:51 of 2nd period - Shot Blocked by Francois Beauchemin.
17:55 of 2nd period - Shot by Scott Hannan.
17:55 of 2nd period - Stopped by Brian Elliott without a rebound.
17:56 of 2nd period - Derek Roy wins face-off versus Marc Savard in Sharks zone.
17:59 of 2nd period - Shot by Derek Roy.
17:59 of 2nd period - Stopped by Brian Elliott without a rebound.
18:00 of 2nd period - Derek Roy wins face-off versus Marc Savard in Sharks zone.
18:00 of 2nd period - Jochen Hecht is hit by Johnny Boychuk and loses puck.
18:09 of 2nd period - Derek Roy is hit by David Moss and loses puck.
18:20 of 2nd period - Minor Penalty to Karlis Skrastins for Tripping.
18:21 of 2nd period - Stephen Weiss wins face-off versus Jason Arnott in Oilers zone.
18:42 of 2nd period - Shot by Andrew Ference.
18:42 of 2nd period - Stopped by Dan Ellis without a rebound.
18:43 of 2nd period - Stephen Weiss wins face-off versus Mike Ribeiro in Oilers zone.
19:02 of 2nd period - Shot by Mike Ribeiro.
19:02 of 2nd period - Stopped by Dan Ellis without a rebound.
19:03 of 2nd period - Jason Arnott wins face-off versus Derek Roy in Oilers zone.
19:22 of 2nd period - Shot by Alex Tanguay.
19:22 of 2nd period - Shot Misses the Net.
19:24 of 2nd period - Shot by Jason Arnott.
19:24 of 2nd period - Shot Misses the Net.
19:26 of 2nd period - Shot by Bryan McCabe.
19:26 of 2nd period - Stopped by Dan Ellis without a rebound.
19:27 of 2nd period - Mike Ribeiro wins face-off versus Andrew Ladd in Oilers zone.
19:42 of 2nd period - Shot by Shane Doan.
19:42 of 2nd period - Shot Misses the Net.
19:46 of 2nd period - Shot by Mike Ribeiro.
19:46 of 2nd period - Shot Blocked by Scott Hannan.
19:56 of 2nd period - Shot by Shane Doan.
19:56 of 2nd period - Stopped by Dan Ellis with a rebound.

Period #3

0:01 of 3rd period - Derek Roy wins face-off versus Mike Ribeiro in neutral zone.
0:22 of 3rd period - Icing by Andrew Ference.
0:23 of 3rd period - Scott Nichol wins face-off versus Jason Arnott in Sharks zone.
0:45 of 3rd period - Alex Tanguay is hit by Chris Phillips and loses puck.
1:00 of 3rd period - Icing by Alex Tanguay.
1:01 of 3rd period - Derek Roy wins face-off versus Jason Arnott in Sharks zone.
1:09 of 3rd period - Off-side.
1:10 of 3rd period - Michal Handzus wins face-off versus Mike Ribeiro in neutral zone.
1:27 of 3rd period - Shot by Scott Hannan.
1:27 of 3rd period - Shot Misses the Net.
1:31 of 3rd period - Shot by Steve Sullivan.
1:31 of 3rd period - Shot Misses the Net.
1:35 of 3rd period - Shot by Brent Sopel.
1:35 of 3rd period - Stopped by Brian Elliott with a rebound.
1:39 of 3rd period - Shot by Scott Hannan.
1:39 of 3rd period - Stopped by Brian Elliott without a rebound.
1:40 of 3rd period - Derek Roy wins face-off versus Eric Belanger in Sharks zone.
2:02 of 3rd period - Minor Penalty to Adam Burish for Hooking.
2:03 of 3rd period - Jason Arnott wins face-off versus Derek Roy in Oilers zone.
2:08 of 3rd period - Shot by Johan Franzen.
2:08 of 3rd period - Stopped by Dan Ellis without a rebound.
2:09 of 3rd period - Jochen Hecht wins face-off versus Jason Arnott in Oilers zone.
2:22 of 3rd period - Shot by Alex Tanguay.
2:22 of 3rd period - Stopped by Dan Ellis without a rebound.
2:23 of 3rd period - Stephen Weiss wins face-off versus Marc Savard in Oilers zone.
2:29 of 3rd period - Icing by Johnny Boychuk.
2:30 of 3rd period - Mike Ribeiro wins face-off versus Stephen Weiss in Sharks zone.
3:38 of 3rd period - Shot by Bryan McCabe.
3:38 of 3rd period - Shot Blocked by Andrew Ladd.
3:42 of 3rd period - Shot by Johan Franzen.
3:42 of 3rd period - Shot Misses the Net.
4:13 of 3rd period - Icing by Francois Beauchemin.
4:14 of 3rd period - Eric Belanger wins face-off versus Michal Handzus in Sharks zone.
4:14 of 3rd period - Mark Stuart is hit by Michal Handzus.
4:19 of 3rd period - Eric Belanger is hit by Brent Sopel and loses puck.
4:32 of 3rd period - Francois Beauchemin is hit by Michal Handzus and loses puck.
4:44 of 3rd period - Off-side.
4:45 of 3rd period - Stephen Weiss wins face-off versus Marc Savard in neutral zone.
4:51 of 3rd period - Icing by Johnny Boychuk.
4:52 of 3rd period - Marc Savard wins face-off versus Scott Nichol in Sharks zone.
4:52 of 3rd period - Minor Penalty to Scott Nichol for Hooking.
4:53 of 3rd period - Stephen Weiss wins face-off versus Jason Arnott in Oilers zone.
5:49 of 3rd period - Icing by Marc Savard.
5:50 of 3rd period - Mike Ribeiro wins face-off versus Derek Roy in Sharks zone.
6:29 of 3rd period - Icing by Andrew Ference.
6:30 of 3rd period - Jason Arnott wins face-off versus Stephen Weiss in Sharks zone.
6:53 of 3rd period - Shot by Lauri Korpikoski.
6:53 of 3rd period - Shot Hit the Post.
7:20 of 3rd period - Minor Penalty to David Moss for Tripping.
7:21 of 3rd period - Mike Ribeiro wins face-off versus Stephen Weiss in Sharks zone.
7:36 of 3rd period - Shot by Stephen Weiss.
7:36 of 3rd period - Shot Blocked by Johnny Boychuk.
7:38 of 3rd period - Shot by Roman Hamrlik.
7:38 of 3rd period - Stopped by Brian Elliott with a rebound.
7:42 of 3rd period - Shot by Andrew Ladd.
7:42 of 3rd period - Deflect By Stephen Weiss.
7:42 of 3rd period - Stopped by Brian Elliott without a rebound.
7:43 of 3rd period - Eric Belanger wins face-off versus Derek Roy in Sharks zone.
7:43 of 3rd period - Eric Belanger is hit by Jochen Hecht.
8:09 of 3rd period - Shot by Karlis Skrastins.
8:09 of 3rd period - Shot Blocked by Francois Beauchemin.
9:10 of 3rd period - Shot by Jochen Hecht.
9:10 of 3rd period - Shot Misses the Net.
9:26 of 3rd period - Shot by Peter Regin.
9:26 of 3rd period - Stopped by Brian Elliott without a rebound.
9:27 of 3rd period - Michal Handzus wins face-off versus Marc Savard in Sharks zone.
9:39 of 3rd period - Icing by Scott Hannan.
9:40 of 3rd period - Michal Handzus wins face-off versus Jason Arnott in Oilers zone.
9:40 of 3rd period - Michal Handzus is hit by Johan Franzen.
10:02 of 3rd period - Shot by Jason Arnott.
10:02 of 3rd period - Shot Misses the Net.
10:20 of 3rd period - Vladimir Sobotka is hit by Michal Handzus and loses puck.
11:13 of 3rd period - Shot by Fernando Pisani.
11:13 of 3rd period - Stopped by Brian Elliott without a rebound.
11:14 of 3rd period - Lauri Korpikoski wins face-off versus Derek Roy in Sharks zone.
11:47 of 3rd period - Shot by Jochen Hecht.
11:47 of 3rd period - Stopped by Brian Elliott without a rebound.
11:48 of 3rd period - Jason Arnott wins face-off versus Radek Dvorak in Sharks zone.
11:48 of 3rd period - Jason Arnott is hit by Andrew Ladd.
12:58 of 3rd period - Icing by Chris Phillips.
12:59 of 3rd period - Eric Belanger wins face-off versus Stephen Weiss in Oilers zone.
12:59 of 3rd period - Mark Stuart is hit by Roman Hamrlik and loses puck.
13:07 of 3rd period - Roman Hamrlik is hit by Mark Stuart and loses puck.
13:28 of 3rd period - Derek Roy is hit by Francois Beauchemin and loses puck.
13:36 of 3rd period - Minor Penalty to Mark Stuart for Hooking.
13:37 of 3rd period - Derek Roy wins face-off versus Mike Ribeiro in Sharks zone.
13:48 of 3rd period - Shot by Peter Regin.
13:48 of 3rd period - Stopped by Brian Elliott without a rebound.
13:49 of 3rd period - Derek Roy wins face-off versus Mike Ribeiro in Sharks zone.
13:56 of 3rd period - Shot by Michal Handzus.
13:56 of 3rd period - Deflect By Derek Roy.
13:56 of 3rd period - Stopped by Brian Elliott without a rebound.
13:57 of 3rd period - Mike Ribeiro wins face-off versus Derek Roy in Sharks zone.
14:33 of 3rd period - Icing by Karlis Skrastins.
14:34 of 3rd period - Eric Belanger wins face-off versus Derek Roy in Oilers zone.
15:01 of 3rd period - Off-side.
15:02 of 3rd period - Shane Doan wins face-off versus Stephen Weiss in neutral zone.
16:37 of 3rd period - Brent Sopel is hit by Andrew Ference.
16:46 of 3rd period - Alex Tanguay is hit by Scott Nichol and loses puck.
17:50 of 3rd period - Stephen Weiss is hit by Francois Beauchemin.
17:52 of 3rd period - Shot by Derek Roy.
17:52 of 3rd period - Shot Misses the Net.
17:56 of 3rd period - Shot by Derek Roy.
17:56 of 3rd period - Stopped by Brian Elliott without a rebound.
17:57 of 3rd period - Derek Roy wins face-off versus Marc Savard in Sharks zone.
17:58 of 3rd period - Shot by Jochen Hecht.
17:58 of 3rd period - Stopped by Brian Elliott without a rebound.
17:59 of 3rd period - Derek Roy wins face-off versus Marc Savard in Sharks zone.
17:59 of 3rd period - Jochen Hecht is hit by Johnny Boychuk and loses puck.
18:34 of 3rd period - Shot by Vladimir Sobotka.
18:34 of 3rd period - Stopped by Dan Ellis with a rebound.
18:58 of 3rd period - Shot by Steve Sullivan.
18:58 of 3rd period - Stopped by Brian Elliott without a rebound.
18:59 of 3rd period - Steve Sullivan wins face-off versus Mike Ribeiro in Sharks zone.
19:01 of 3rd period - Peter Regin is hit by Johnny Boychuk and loses puck.
19:09 of 3rd period - Michal Handzus is hit by Johnny Boychuk and loses puck.
19:28 of 3rd period - Shot by Steve Sullivan.
19:28 of 3rd period - Shot Misses the Net.
19:32 of 3rd period - Shot by Michal Handzus.
19:32 of 3rd period - Stopped by Brian Elliott without a rebound.
19:33 of 3rd period - Stephen Weiss wins face-off versus Jason Arnott in Sharks zone.


Output by the SimonT Hockey Simulator (STHS) for Stephane Roy -- Original Page W3C XHTML 1.0 Valid